AoeStats
← gabrielaA23

Lombardia

507903594Analyzed
3v3 RM · 13d ago on Sep 20, 2026· 16m 5s· 6 players
Game mode
Random Map
Map size
Normal (6 player)
Population
200
Speed
Normal
Resources
Standard
Victory
Conquest
Starting age
Dark Age
Ending age
Imperial Age
RankedLock teamsTeams togetherTeam positionsShared explorationLock speedFull tech treeHidden civsTurbo modeCheats
Victory
Defeat
🇦🇷 Teutons · Argentina
727
+40
🇹🇼 Wei · Taiwan
701
+19
🇦🇷 Turks · Argentina
606
+22
🇲🇽 Franks · Mexico
779
-20
🇲🇽 Hindustanis · Mexico
765
-20
🇲🇽 Britons · Mexico
731
-19
陶藝外勞-烏鴉
0:49 Loom
11:31 Feudal Age
13:11 Double-Bit Axe
14:56 Wheelbarrow
gabrielaA23
12:42 Feudal Age
18:07 Castle Age
chemadc5965
10:47 Feudal Age
15:37 Double-Bit Axe
16:36 Wheelbarrow
TheLordofLaw291
1:03 Loom
11:13 Feudal Age
11:45 Double-Bit Axe
11:55 Stone Mining
13:36 Wheelbarrow
12:48 Town Watch
Padredetodo4975
11:07 Feudal Age
9:24 Loom
12:13 Double-Bit Axe
14:56 Wheelbarrow
Pandavha
6:14 Loom
11:39 Feudal Age
12:53 Double-Bit Axe
Connection lost

Rejoining the realm…

Still unreachable

The connection could not be restored.

Session expired

The server has moved on; the page needs a fresh start.